cohdb
Replays
Latest Replays
All Replays
Popular Replays
Top Player Replays
Match Explorer
How It Works
Community
CoH3 Stats
Reddit
Sign in to upload your games and track your stats! →
Sign in with Steam
Match 41562363
Unlisted
Match 41562363
Overview
Messages
Build Orders
End
250 Light Carrier
Panzergrenadier Squad
Panzergrenadier Squad
Construct Light Support Kompanie
MG34 Team
Fire Support Elements
2.5-tonne Medical Truck
Pak 38 Mechanized Group
Panzerpioneer Squad
Construct Panzerarmee Kommand
Selects Panzerjäger Kommand Battlegroup
Selects Panzerjäger Kommand Battlegroup
Forward Retreat Point
Selects Blockade Equipment
Selects Tank Busters
Walking Stuka Rocket Launcher
Selects Blockade Equipment
Selects Tank Busters
Panzerjäger Squad
Panzerjäger Squad
Selects Crew Shock Tactics
Armored Reserves
Panzerjäger Squad
Alex
Tatari◑。
zugru90
CPU_Eazy
ドルーギー
nob talk too much
皮諾可這個直接電死
Luzinit24
0
0
Comments
sign in to comment!
No comments posted yet!